 Dungeon Crawl Stone Soup version 0.29.1-12-g30fa7ad0bf (webtiles) character file.

Game seed: 17702753695183736551

7679 Linkola the Thaumaturge (level 10, -6/50 HPs)
             Began as a Deep Elf Air Elementalist on Dec 18, 2022.
             Was a Priest of Vehumet.
             Shot with a bolt by an orc warrior (11 damage)
             ... on level 10 of the Dungeon on Dec 20, 2022.
             The game lasted 00:50:43 (12701 turns).

Linkola the Thaumaturge (DEAE)                     Turns: 12701, Time: 00:50:44

Health: -6/50      AC:  8    Str:  5    XL:     10   Next: 99%
Magic:  34/38      EV: 12    Int: 31    God:    Vehumet [***...]
Gold:   618        SH:  0    Dex: 15    Spells: 10/35 levels left

rFire   . . .      SeeInvis .   p - +2 quarterstaff (pain)
rCold   . . .      Faith    .   (shield currently unavailable)
rNeg    . . .      Spirit   .   l - +2 leather armour {Will+}
rPois   .          Reflect  .   (no helmet)
rElec   .          Harm     .   (no cloak)
rCorr   .          Rampage  .   (no gloves)
Will    +++..                   n - +2 pair of boots
Stlth   ++........              (no amulet)
HPRegen 0.16/turn               h - +6 ring of intelligence
MPRegen 0.26/turn               s - ring of Quagyn {Will+ MP+9}

@: no status effects
A: no striking features
a: Renounce Religion


You were on level 10 of the Dungeon.
You worshipped Vehumet.
Vehumet was most pleased with you.
You visited 1 branch of the dungeon, and saw 10 of its levels.

You collected 618 gold pieces.

Inventory:

Hand Weapons
 p - a +2 quarterstaff of pain (weapon)
Missiles
 d - 3 throwing nets
Armour
 l - a +2 leather armour of willpower (worn)
 n - a +2 pair of boots (worn)
Jewellery
 h - a +6 ring of intelligence (left hand)
 s - the ring of Quagyn (right hand) {Will+ MP+9}
   (You found it on level 6 of the Dungeon)

   [ring of magical power]

   MP:        It affects your magic capacity (+9).
   Will:      It increases your willpower.
Wands
 o - a wand of roots (8)
 t - a wand of charming (6)
Scrolls
 a - a scroll of fog
 e - 2 scrolls of poison
 g - 3 scrolls of magic mapping
 j - 3 scrolls of enchant armour
 v - 2 scrolls of amnesia
 w - a scroll of brand weapon
Potions
 b - 2 potions of magic
 c - 2 potions of cancellation
 f - a potion of flight
 i - 6 potions of curing
 k - 4 potions of brilliance
 m - 3 potions of haste
 q - 4 potions of invisibility
 r - 2 potions of mutation {unknown}
 u - a potion of heal wounds {unknown}


   Skills:
 + Level 0.2 Fighting
 + Level 3.1 Dodging
 + Level 4.0 Stealth
 + Level 13.0 Spellcasting
 + Level 6.8 Conjurations
 + Level 6.7 Hexes
 + Level 6.2 Summonings
 + Level 9.3 Air Magic
 + Level 2.4 Poison Magic


You had 10 spell levels left.
You knew the following spells:

 Your Spells              Type           Power      Damage    Failure   Level
a - Shock                 Conj/Air       100%       1d9       1%          1
b - Static Discharge      Conj/Air       63%        3-11/arc  1%          2
c - Swiftness             Air            67%        N/A       1%          3
d - Airstrike             Air            33%        2d(5-21)  1%          4
e - Call Canine Familiar  Summ           56%        N/A       1%          3
f - Tukima's Dance        Hex            58%        N/A       1%          3
g - Dazzling Flash        Conj/Hex       100%       N/A       1%          3
h - Searing Ray           Conj           100%       2d8       1%          2
i - Summon Lightning Spi  Summ/Air       62%        N/A       1%          4

Your spell library contained the following spells:

 Spells                   Type           Power      Damage    Failure   Level
 Mephitic Cloud           Conj/Pois/Air  55%        N/A       1%          3
 Magic Dart               Conj           100%       1d8       1%          1
 Stone Arrow              Conj/Erth      82%        3d12      1%          3
 Portal Projectile        Hex/Tloc       82%        N/A       3%          3
 Beastly Appendage        Tmut           40%        N/A       4%          1
 Silence                  Hex/Air        31%        N/A       4%          5
 Wereblood                Tmut           20%        N/A       6%          2
 Spider Form              Tmut/Pois      27%        N/A       8%          3
 Leda's Liquefaction      Hex/Erth       20%        N/A       10%         4
 Animate Armour           Summ/Erth      78%        N/A       11%         4
 Gell's Gravitas          Tloc           20%        N/A       12%         3
 Lesser Beckoning         Tloc           20%        N/A       12%         3
 Teleport Other           Tloc           20%        N/A       12%         3
 Agony                    Necr           20%        N/A       73%         5
 Blade Hands              Tmut           10%        N/A       73%         5
 Maxwell's Capacitive Co  Air            33%        ∞         78%         8
 Dispersal                Tloc           10%        N/A       99%         6
 Storm Form               Tmut/Air       24%        N/A       99%         7
 Lehudib's Crystal Spear  Conj/Erth      20%        10d6      100%        8


Dungeon Overview and Level Annotations

Branches:
Dungeon (10/15)            Temple (0/1) D:6
   Lair: D:8-11         Orc: D:9-12

Altars:
Cheibriados
Elyvilon
Gozag
Kikubaaqudgha
Makhleb
Nemelex Xobeh
Trog
Vehumet
Xom
Zin
The Shining One

Shops:
D:8 [


Message History

The zap hits the orc!
You kill the orc!
Vehumet accepts your kill.
You feel your power returning.
The zap hits the orc.
The orc is severely wounded.
The zap hits the orc.
You kill the orc!
Vehumet accepts your kill.
You feel your power returning.
Your lightning spire shoots out a bolt of lightning at the orc wizard!
The bolt of electricity hits the orc wizard!
Aiming: Shock (safe; 1% risk of failure)
Press: ? - help, Q - select action, (/) - cycle Shift-Dir - straight line The zap hits the orc wizard.
You kill the orc wizard!
Vehumet accepts your kill.
You feel your power returning.
The zap hits the orc warrior.
The orc warrior is moderately wounded.
The zap hits the orc warrior.
The orc warrior is moderately wounded.
The orc warrior shoots a bolt.
The bolt hits you!!
You hear a bellow!
Aiming: Shock (safe; 1% risk of failure)
Press: ? - help, Q - select action, (/) - cycle Shift-Dir - straight line The zap hits the orc warrior.
The orc warrior is heavily wounded.
The zap hits the orc warrior.
The orc warrior is severely wounded.
The orc warrior shoots a bolt.
The bolt hits you!
* * * LOW HITPOINT WARNING * * *
You hear a bellow! x3
Aiming: Shock (safe; 1% risk of failure)
Press: ? - help, Q - select action, (/) - cycle Shift-Dir - straight line The zap hits the orc warrior.
The orc warrior is severely wounded.
The zap misses the orc warrior.
The orc warrior shoots a bolt.
The bolt hits you!
You die...

#... #### ##########
#... ..... #........#
#... ..... #........#
###... ....o.
#........# ##<))..
.....o### #........#
#..#... ...oYo'.#
#........# ##.##)>.
#o###........###..##...
#.).')@......')..###...
#####........##### #...
#8.......# ###. #+#
#######'## . #)# #.# #
##<# ..# #..# #####'###
#.## #........
###'######## #........


You could see an orc warrior (ally target) and a friendly lightning spire
(summoned).

Vanquished Creatures
  A two-headed ogre (D:8)
  A hornet (D:9)
  Sigmund (D:5)
  Eustachio (D:5)
  2 wraiths (D:9)
  8 yaks (D:9)
  2 steam dragons (D:8)
  A sky beast (D:7)
  An orc warrior (D:10)
  An ice beast (D:8)
  An ogre (D:5)
  A centaur (D:6)
  3 lemures
  3 phantoms
  A gnoll sergeant (D:6)
  A scorpion (D:6)
  10 wights
  9 killer bees (D:9)
  A howler monkey (D:9)
  2 gnoll boudas
  3 orc priests
  A hound (D:5)
  2 iguanas (D:5)
  Natasha (thrice) (D:3)
  6 orc wizards
  20 gnolls
  7 adders
  A white imp (D:6)
  An ufetubus (D:4)
  3 worms
  4 dart slugs
  27 orcs
  4 endoplasms
  5 giant cockroaches
  5 goblins
  7 hobgoblins
  14 jackals
  7 kobolds
  2 quokkas (D:1)
  6 ball pythons
  5 bats
  2 frilled lizards
  6 rats
192 creatures vanquished.

Vanquished Creatures (collateral kills)
  A two-headed ogre (D:10)
  Pikel (D:5)
  A yak (D:9)
  2 orc warriors
  2 centaurs (D:7)
  A phantom (D:5)
  A gnoll sergeant (D:7)
  7 wights
  3 killer bees (D:9)
  2 orc priests (D:9)
  2 orc wizards (D:9)
  5 gnolls (D:7)
  7 orcs
35 creatures vanquished.

Vanquished Creatures (others)
  A dancing weapon (D:10)
  A jelly (D:8)
  A fungus (D:1)
  5 plants (D:1)
8 creatures vanquished.

Grand Total: 235 creatures vanquished

Notes
Turn   | Place    | Note
-------+----------+-------------------------------------------
     0 | D:1      | Linkola the Deep Elf Air Elementalist began the quest for
                  | the Orb.
     0 | D:1      | Reached XP level 1. HP: 10/10 MP: 6/6
   190 | D:1      | Reached skill level 1 in Poison Magic
   214 | D:1      | Reached XP level 2. HP: 15/15 MP: 1/8
   217 | D:1      | Learned a level 2 spell: Static Discharge
   596 | D:1      | Reached XP level 3. HP: 19/19 MP: 5/9
   605 | D:1      | Learned a level 3 spell: Swiftness
  1292 | D:1      | Reached skill level 1 in Summonings
  2646 | D:3      | Reached XP level 4. HP: 24/24 MP: 9/11
  2838 | D:3      | Found a sparkling altar of Nemelex Xobeh.
  3350 | D:3      | Noticed Natasha
  3354 | D:3      | Killed Natasha
  3504 | D:3      | Noticed Natasha
  3511 | D:3      | Killed Natasha
  3512 | D:3      | Reached XP level 5. HP: 12/28 MP: 4/12
  3517 | D:3      | Learned a level 4 spell: Airstrike
  3732 | D:3      | Noticed Natasha
  3737 | D:3      | Killed Natasha
  3911 | D:4      | Noticed a phantom
  3935 | D:4      | Killed a phantom
  3936 | D:4      | Reached skill level 4 in Spellcasting
  4073 | D:4      | Reached XP level 6. HP: 18/32 MP: 4/14
  4079 | D:4      | Learned a level 3 spell: Call Canine Familiar
  4530 | D:4      | Found a radiant altar of Vehumet.
  4552 | D:4      | Became a worshipper of Vehumet
  5344 | D:4      | Found a snail-covered altar of Cheibriados.
  5522 | D:5      | Entered Level 5 of the Dungeon
  5522 | D:5      | Noticed Pikel
  6004 | D:5      | Reached skill level 5 in Spellcasting
  6008 | D:5      | Reached XP level 7. HP: 26/36 MP: 5/17
  6012 | D:5      | Learned a level 3 spell: Tukima's Dance
  6158 | D:5      | Noticed Sigmund
  6162 | D:5      | Killed Pikel
  6163 | D:5      | Reached skill level 6 in Spellcasting
  6163 | D:5      | Reached skill level 5 in Air Magic
  6163 | D:5      | Reached XP level 8. HP: 41/41 MP: 7/20
  6169 | D:5      | Killed Sigmund
  6170 | D:5      | Reached skill level 7 in Spellcasting
  6174 | D:5      | Learned a level 3 spell: Dazzling Flash
  6604 | D:5      | Noticed Eustachio
  6610 | D:5      | Killed Eustachio
  6748 | D:5      | Found a white marble altar of Elyvilon.
  6748 | D:5      | Found a shimmering altar of Xom.
  6749 | D:5      | Found a glowing golden altar of the Shining One.
  7139 | D:6      | Reached skill level 8 in Spellcasting
  7142 | D:6      | Reached skill level 5 in Summonings
  7470 | D:6      | Reached skill level 5 in Hexes
  7698 | D:6      | Identified the ring of Quagyn {Will+ MP+9}
  7796 | D:6      | Reached * piety under Vehumet
  7796 | D:6      | Offered knowledge of Magic Dart by Vehumet.
  7799 | D:6      | Learned a level 1 spell: Magic Dart
  7819 | D:6      | Found a staircase to the Ecumenical Temple.
  8282 | D:7      | Reached XP level 9. HP: 21/45 MP: 23/23
  8288 | D:7      | Reached skill level 9 in Spellcasting
  8753 | D:7      | Learned a level 4 spell: Summon Lightning Spire
  8915 | D:7      | Reached skill level 5 in Conjurations
  9410 | D:7      | Found a burning altar of Makhleb.
  9704 | D:8      | Reached skill level 10 in Spellcasting
 10407 | D:8      | Found Uluycocass's Antique Armour Shop.
 10407 | D:8      | Noticed a two-headed ogre
 10419 | D:8      | Killed a two-headed ogre
 10420 | D:8      | Reached skill level 11 in Spellcasting
 10491 | D:8      | Reached ** piety under Vehumet
 10491 | D:8      | Offered knowledge of Searing Ray by Vehumet.
 10494 | D:8      | Reached XP level 10. HP: 50/50 MP: 27/27
 10506 | D:8      | Learned a level 2 spell: Searing Ray
 11296 | D:9      | Found an opulent altar of Gozag.
 11445 | D:9      | Reached skill level 12 in Spellcasting
 11446 | D:9      | Offered knowledge of Ignite Poison by Vehumet.
 11465 | D:9      | Reached *** piety under Vehumet
 11610 | D:9      | Found a bloodstained altar of Trog.
 11634 | D:9      | Found an ancient bone altar of Kikubaaqudgha.
 11850 | D:9      | Offered knowledge of Mephitic Cloud by Vehumet.
 12082 | D:9      | Found a glowing silver altar of Zin.
 12163 | D:10     | Entered Level 10 of the Dungeon
 12187 | D:10     | Noticed a two-headed ogre
 12196 | D:10     | HP: 1/50 [two-headed ogre/+0 giant club (9)]
 12571 | D:10     | Killed a two-headed ogre
 12572 | D:10     | Reached skill level 13 in Spellcasting
 12701 | D:10     | Shot with a bolt by an orc warrior

Illustrated notes

Levels and vault maps discovered:
D:1:      wander_arrival_fairy_ring, layout_basic
D:2:      layout_basic, nicolae_elevator_lobby_asterisk
D:3:      layout_basic, nemelex_diamond_rough_becter, uniq_natasha
D:4:      layout_gridville, cheibriados_altar_1, mainiacjoe_overflow_paths,
          chequers_ossuary_entry_cave
D:5:      layout_basic, minitemple, hangedman_decor_slide_cut, uniq_sigmund,
          uniq_pikel, uniq_eustachio
D:6:      layout_cave_pools, minmay_temple_entry_glassed_door
D:7:      layout_basic, kennysheep_mini
D:8:      layout_basic, serial_shops, nicolae_stop_n_shop_2
D:9:      layout_big_octagon, mainiacjoe_overflow_surrounded_room,
          mainiacjoe_overflow_concentric_impassable,
          mainiacjoe_overflow_alcove_4,
          nicolae_gozag_cash_rules_everything_around_me, enter_bailey_6
D:10:     layout_roguey

Skill      XL: |  1  2  3  4  5  6  7  8  9 10 |
---------------+-------------------------------+-----
Poison Magic   | 1 2 |  2.4
Summonings     | 1 2 3 4 5 6 |  6.2
Conjurations   | 2 3 4 6 |  6.8
Spellcasting   | 4 5 6 8 11 13 | 13.0
Air Magic      | 4 5 7 9 |  9.3
Stealth        | 3 4 |  4.0
Hexes          | 2 3 5 6 |  6.7
Dodging        | 3 |  3.1
Fighting       | |  0.2

Action                   |  1- 3 |  4- 6 |  7- 9 | 10-12 || total
-------------------------+-------+-------+-------+-------++-------
Melee: Unarmed           |     3 |    10 |       |       ||    13
       Quarterstaff      |       |       |       |     2 ||     2
 Cast: Shock             |    90 |   108 |   139 |    83 ||   420
       Static Discharge  |     3 |    16 |    17 |    22 ||    58
       Airstrike         |       |    11 |     6 |    20 ||    37
       Call Canine Famil |       |     4 |       |       ||     4
       Tukima's Dance    |       |       |    14 |     7 ||    21
       Magic Dart        |       |       |    25 |       ||    25
       Dazzling Flash    |       |       |     1 |       ||     1
       Summon Lightning  |       |       |     8 |     7 ||    15
       Searing Ray       |       |       |       |     2 ||     2
       Swiftness         |       |       |       |     1 ||     1
  Use: Scroll            |     6 |     8 |     4 |     1 ||    19
Armor: Robe              |     1 |     7 |     1 |       ||     9
       Leather armour    |       |       |     9 |    15 ||    24
Dodge: Dodged            |     4 |    20 |    32 |    12 ||    68
